 Dungeon Crawl Stone Soup version 0.20-a0-910-gb611367 (webtiles) character file.

2752 Jivvin the Merchant of Misery (level 9, -2/63 HPs)
             Began as a Demonspawn Necromancer on Mar 23, 2017.
             Was a Believer of Kikubaaqudgha.
             Slain by a white ugly thing (29 damage)
             ... on level 11 of the Dungeon.
             The game lasted 00:11:19 (7768 turns).

Jivvin the Merchant of Misery (DsNe)                Turns: 7768, Time: 00:11:20

Health: -2/63      AC: 13    Str:  8    XL:     9   Next: 41%
Magic:  1/20       EV: 12    Int: 18    God:    Kikubaaqudgha [**....]
Gold:   291        SH:  0    Dex: 16    Spells: 12/23 levels left

rFire    + . .     SeeInvis .   d - +3 mace (freeze)
rCold    . . .     Gourm    .   u - +0 leather armour
rNeg     + . .     Faith    .   (no shield)
rPois    .         Spirit   .   (helmet restricted)
rElec    .         Reflect  .   (no cloak)
rCorr    .         Harm     .   (no gloves)
MR       .....                  i - +0 pair of boots
Stlth    ++........             (no amulet)
Regen    1.2/turn               (no ring)
MPRegen  0.2/turn               e - ring of positive energy

@: sanguine armour, regenerating (expiring)
A: antennae 1, demonic guardian 1, fire resistance 1, powered by death 2, wild
magic 1, MP-powered wands, sanguine armour 2
a: Receive Corpses, Renounce Religion


You were on level 11 of the Dungeon.
You worshipped Kikubaaqudgha.
Kikubaaqudgha was pleased with you.
You were not hungry.

You visited 1 branch of the dungeon, and saw 9 of its levels.

You collected 291 gold pieces.

Inventory:

Hand Weapons
 d - a +3 mace of freezing (weapon)
Armour
 i - a +0 pair of boots (worn)
 u - a +0 leather armour (worn)
Jewellery
 e - a ring of positive energy (left hand)
Wands
 v - a wand of digging (22/24)
Scrolls
 h - a scroll of random uselessness {unknown}
 l - a scroll of identify
 o - 2 scrolls of remove curse
 p - a scroll of enchant armour {unknown}
Potions
 f - a potion of lignification
 m - a potion of curing
Books
 b - a book of Necromancy

   Spells                             Type                      Level
   a - Pain                           Necromancy                   1
   b - Animate Skeleton               Necromancy                   1
   c - Vampiric Draining              Necromancy                   3
   d - Regeneration                   Charms/Necromancy            3
   e - Animate Dead                   Necromancy                   4
   f - Control Undead                 Necromancy                   4
 g - a book of Minor Magic

   Spells                             Type                      Level
   a - Magic Dart                     Conjuration                  1
   b - Blink                          Translocation                2
   c - Call Imp                       Summoning                    2
   d - Slow                           Hexes                        2
   e - Conjure Flame                  Conjuration/Fire             3
   f - Mephitic Cloud                 Conjuration/Poison/Air       3
 r - a book of Changes

   Spells                             Type                      Level
   a - Beastly Appendage              Transmutation                1
   b - Sticks to Snakes               Transmutation                2
   c - Spider Form                    Transmutation/Poison         3
   d - Ice Form                       Ice/Transmutation            4
   e - Blade Hands                    Transmutation                5
 s - Kikubaaqudgha's Almanac of Unholy Magic
   (Kikubaaqudgha gifted it to you on level 8 of the Dungeon)

   Spells                             Type                      Level
   a - Pain                           Necromancy                   1
   b - Corpse Rot                     Necromancy                   2
   c - Sublimation of Blood           Necromancy                   2
   d - Vampiric Draining              Necromancy                   3
   e - Control Undead                 Necromancy                   4
Comestibles
 j - 3 meat rations
 n - 4 fruits


   Skills:
 + Level 3.0 Fighting
 - Level 1.7 Dodging
 - Level 1.7 Stealth
 * Level 7.9 Spellcasting
 - Level 11.0 Necromancy


You had 12 spell levels left.
You knew the following spells:

 Your Spells              Type           Power        Failure   Level  Hunger
a - Pain                  Necr           ####         1%          1    None
b - Vampiric Draining     Necr           ######....   1%          3    #......
c - Regeneration          Chrm/Necr      #####.....   8%          3    #......
d - Animate Dead          Necr           N/A          2%          4    ###....


Dungeon Overview and Level Annotations

Branches:
Dungeon (11/15)              Lair (0/6) D:11
 Temple: D:4-7          Orc: D:9-12

Altars:
Dithmenos
Kikubaaqudgha
Okawaru
Qazlal
Wu Jian
Yredelemnul

Annotations:
D:9 Gastronok; Maurice
D:10 TySteely's ghost, journeyman MiFi


Innate Abilities, Weirdness & Mutations

You have a pair of small antennae on your head.
A weak demonic guardian rushes to your aid.
You regenerate health from kills.
When seriously injured, your bleeding wounds create thick armour. (AC +9)
Your flesh is heat resistant. (rF+)
Your spells are a little harder to cast, but a little more powerful.
You expend magic power (3 MP) to strengthen your wands.


Message History

Confirm with . or Enter, or press ? or * to list all spells.
Aiming: Vampiric Draining
Press: ? - help, Shift-Dir - straight line, f/p - white ugly thing
Aim: a white ugly thing (heavily wounded)
The white ugly thing is almost dead.
You feel life coursing into your body.
The orc shouts!
The white ugly thing closely misses you.
The orc wizard barely misses you.
Unknown command.
Casting: Vampiric Draining
Confirm with . or Enter, or press ? or * to list all spells.
Aiming: Vampiric Draining
Press: ? - help, Shift-Dir - straight line, f/p - white ugly thing
Aim: a white ugly thing (almost dead)
The white ugly thing is almost dead.
You feel life coursing into your body. The white ugly thing trunk-slaps you!
The white ugly thing freezes you!!
You die...
Kikubaaqudgha rasps: "You have failed me!
Welcome... death!"

.......>...........#
.....###########'###
##)###..........o.#
#....#............#
#....#..........o.#
#....#............#
#...##............#
#####..........ou.#
# #......##.(.@.# #
#########...).# #
#......# # #......#
# #....).# #
#......# # #......#
# ######...# #
##.####...#


You could see a white ugly thing, an orc wizard and 2 orcs.

Vanquished Creatures
  An ugly thing (D:11)
  Sigmund (D:6)
  A hungry ghost (D:8)
  2 water moccasins
  A porcupine (D:11)
  An orc warrior (D:11)
  2 phantoms (D:8)
  2 black bears
  A centaur (D:8)
  2 crocodiles
  A big kobold (D:8)
  4 bullfrogs
  3 scorpions
  A centaur zombie (D:8)
  A crimson imp (D:10)
  An orc priest (D:8)
  3 hounds
  2 orc wizards
  Ijyb (D:3)
  A bullfrog skeleton (D:3)
  A hound zombie (D:8)
  A worker ant zombie (D:11)
  2 gnolls (D:1)
  4 adders
  A shadow imp (D:10)
  A worm (D:2)
  A dart slug (D:2)
  A leopard gecko (D:7)
  7 orcs
  7 bats
  3 giant cockroaches
  11 goblins
  7 hobgoblins
  9 jackals
  A quokka (D:7)
  4 frilled lizards
  8 kobolds
  A leopard gecko skeleton (D:7)
  4 rats
106 creatures vanquished.

Vanquished Creatures (collateral kills)
  A black bear (D:10)
  A necrophage (D:6)
  A centaur (D:9)
  2 bullfrogs
  A bullfrog zombie (D:7)
  A centaur zombie (D:9)
  2 hounds (D:8)
  An orc priest (D:11)
  An orc wizard (D:8)
  2 gnolls
  An adder (D:11)
  5 orcs
  A goblin (D:7)
  A jackal (D:8)
  A kobold (D:11)
  A fungus (D:11)
23 creatures vanquished.

Vanquished Creatures (others)
  3 fungi (D:11)
3 creatures vanquished.

Grand Total: 132 creatures vanquished

Notes
Turn   | Place    | Note
-------+----------+-------------------------------------------
     0 | D:1      | Jivvin the Demonspawn Necromancer began the quest for the Orb.
     0 | D:1      | Reached XP level 1. HP: 13/13 MP: 3/3
   429 | D:1      | Gained mutation: A weak demonic guardian rushes to your aid. [demonic ancestry]
   429 | D:1      | Reached XP level 2. HP: 16/19 MP: 3/5
   774 | D:1      | Reached skill level 5 in Necromancy
   972 | D:1      | Reached XP level 3. HP: 24/24 MP: 3/6
  2162 | D:2      | Gained mutation: When seriously injured, your bleeding wounds create armour. (AC +9) [demonic ancestry]
  2162 | D:2      | Reached XP level 4. HP: 22/30 MP: 3/8
  2885 | D:3      | Found an ancient bone altar of Kikubaaqudgha.
  2885 | D:3      | Found a stormy altar of Qazlal.
  2885 | D:3      | Found a shadowy altar of Dithmenos.
  2902 | D:3      | Became a worshipper of Kikubaaqudgha
  3012 | D:3      | Noticed Ijyb
  3021 | D:3      | Killed Ijyb
  3021 | D:3      | Reached skill level 6 in Necromancy
  3079 | D:3      | Reached XP level 5. HP: 22/35 MP: 7/9
  3106 | D:3      | You fall through a shaft for 3 floors!
  3113 | D:6      | Found an iron altar of Okawaru.
  3113 | D:6      | Noticed a necrophage
  3129 | D:6      | Killed a necrophage
  3143 | D:6      | Noticed Sigmund
  3256 | D:6      | Killed Sigmund
  3256 | D:6      | Reached skill level 7 in Necromancy
  3256 | D:6      | Gained mutation: You regenerate a little health from kills. [demonic ancestry]
  3256 | D:6      | Reached XP level 6. HP: 19/41 MP: 2/11
  3454 | D:6      | Noticed a slave
  3454 | D:6      | Noticed a slave
  3460 | D:6      | Noticed an ice beast
  3551 | D:7      | You fall through a shaft for 3 floors!
  3551 | D:10     | Entered Level 10 of the Dungeon
  3551 | D:10     | Noticed a two-headed ogre
  3551 | D:10     | Noticed TySteely's ghost (journeyman MiFi)
  3755 | D:9      | Reached skill level 8 in Necromancy
  3755 | D:9      | Gained mutation: You have a pair of small antennae on your head. [demonic ancestry]
  3755 | D:9      | Reached XP level 7. HP: 12/46 MP: 8/13
  3789 | D:9      | Learned a level 3 spell: Vampiric Draining
  3793 | D:9      | Learned a level 3 spell: Regeneration
  3876 | D:9      | Noticed Maurice
  4513 | D:8      | Learned a level 4 spell: Animate Dead
  4857 | D:8      | Found a basalt altar of Yredelemnul.
  4870 | D:8      | Reached skill level 9 in Necromancy
  4892 | D:8      | Reached * piety under Kikubaaqudgha
  4892 | D:8      | Identified Kikubaaqudgha's Almanac of Unholy Magic (Kikubaaqudgha gifted it to you on level 8 of the Dungeon)
  4892 | D:8      | Received a gift from Kikubaaqudgha
  4914 | D:8      | Reached skill level 5 in Spellcasting
  5104 | D:8      | Gained mutation: Your flesh is heat resistant. (rF+) [potion of mutation]
  5104 | D:8      | Gained mutation: You expend magic power (3 MP) to strengthen your wands. [potion of mutation]
  5104 | D:8      | Gained mutation: Your spells are a little harder to cast, but a little more powerful. [potion of mutation]
  5119 | D:8      | Gained mutation: You regenerate health from kills. [demonic ancestry]
  5119 | D:8      | Reached XP level 8. HP: 29/52 MP: 4/15
  5696 | D:8      | Found an ornate altar of the Wu Jian Council.
  5727 | D:8      | Reached skill level 10 in Necromancy
  6100 | D:8      | Noticed a two-headed ogre
  6115 | D:8      | You fall through a shaft!
  6274 | D:9      | Noticed a two-headed ogre
  6312 | D:9      | Noticed Gastronok
  7031 | D:11     | Reached skill level 11 in Necromancy
  7211 | D:11     | Reached skill level 1 in Fighting
  7211 | D:11     | Gained mutation: When seriously injured, your bleeding wounds create thick armour. (AC +9) [demonic ancestry]
  7211 | D:11     | Reached XP level 9. HP: 33/59 MP: 3/19
  7349 | D:11     | Noticed a cyclops
  7357 | D:11     | Found a staircase to the Lair.
  7398 | D:11     | Reached ** piety under Kikubaaqudgha
  7414 | D:11     | Noticed a green ugly thing
  7456 | D:11     | Killed a green ugly thing
  7748 | D:11     | Noticed a white ugly thing
  7768 | D:11     | Slain by a white ugly thing

Vault maps used:
D:1:      dpeg_arrival_arbitrary_b, minmay_quantized
D:2:      serial_forest, infiniplex_forest_lined_3,
          infiniplex_forest_clump_medium, infiniplex_forest_clump_curved,
          infiniplex_forest_corner_2, infiniplex_forest_3_way,
          infiniplex_forest_lined_3_way, infiniplex_forest_clump_medium
D:3:      grunt_temple_overflow_open, grunt_ministairs_2, roderic_roman_lattice,
          uniq_iyjb
D:6:      okawaru_gym_becter, serial_shops, shop, uniq_menkaure, uniq_sigmund,
          uniq_pikel
D:7:      tgw_xom
D:8:      overflow_temple_1_default, basic_altar
D:9:      uniq_maurice, uniq_gastronok
D:11:     due_lair_maze_entry_diamond, orc_0_dummy

Skill      XL: |  1  2  3  4  5  6  7  8  9 |
---------------+----------------------------+-----
Necromancy     | 5 6 7 8 9 11 | 11.0
Spellcasting   | 3 4 5 6 7 |  7.9
Fighting       | 1 3 |  3.0
Dodging        | |  1.7
Stealth        | |  1.7

Action                   |  1- 3 |  4- 6 |  7- 9 || total
-------------------------+-------+-------+-------++-------
Melee: Mace              |    58 |    93 |   156 ||   307
 Cast: Pain              |    61 |    35 |    73 ||   169
       Vampiric Draining |       |       |    34 ||    34
       Animate Dead      |       |       |     5 ||     5
       Regeneration      |       |       |     4 ||     4
  Use: Scroll            |     2 |     8 |     7 ||    17
       Potion            |     1 |     2 |    12 ||    15
 Stab: Sleeping          |     1 |     1 |       ||     2
       Distracted        |       |     1 |     1 ||     2
       Invisible         |       |       |     3 ||     3
  Eat: Chunk             |     3 |     4 |     5 ||    12
       Bread ration      |       |     1 |     2 ||     3
       Meat ration       |       |       |     1 ||     1
       Royal jelly       |       |       |     1 ||     1
Armor: Robe              |     8 |    15 |       ||    23
       Skin              |    36 |       |    37 ||    73
       Leather armour    |       |    31 |    72 ||   103
Dodge: Dodged            |    52 |    88 |   153 ||   293
